 Dungeon Crawl Stone Soup version 0.32-a0-12-g7fc57aa741 (webtiles) character file.

Game seed: 14746948975806496992

107 whatisthis the Poker (level 4, -6/38 HPs)
             Began as a Gnoll Reaver on Jan 15, 2024.
             Splashed by a jelly's acid (8 damage)
             ... on level 2 of the Dungeon.
             The game lasted 00:05:03 (2119 turns).

whatisthis the Poker (Gnoll Reaver)                 Turns: 2119, Time: 00:05:04

Health: -6/38      AC: -3    Str: 13    XL:     4   Next: 85%
Magic:  11/11      EV: 12    Int: 12    God:
Gold:   35         SH:  0    Dex: 11    Spells: 12/13 levels left

rFire   . . .        a - +0 spear
rCold   + . .        (no shield)
rNeg    + . .        e - +0 leather armour {rC+}
rPois   .            (no helmet)
rElec   .            (no cloak)
rCorr   .            h - +0 pair of gloves
SInv    .            (no boots)
Will    .....        (no amulet)
Stlth   +            m - ring of positive energy
HPRegen 0.26/turn    (no ring)
MPRegen 0.12/turn

%: no passive effects
@: corroded
A: fangs 1, strong nose, distributed training
a: no special abilities


You were on level 2 of the Dungeon.
You visited 1 branch of the dungeon, and saw 3 of its levels.

You collected 35 gold pieces.

Inventory:

Hand Weapons
 a - a +0 spear (weapon)
Missiles
 k - 5 javelins
Armour
 e - a +0 leather armour of cold resistance (worn)
 h - a +0 pair of gloves (worn)
Jewellery
 m - a ring of positive energy (left hand)
Scrolls
 c - a scroll of blinking {unknown}
 d - 2 scrolls of identify {unknown}
 i - a scroll of fog {unknown}
 n - a scroll of torment {unknown}
Potions
 b - a potion of magic {unknown}
 f - a potion of brilliance {unknown}
 g - a potion of attraction {unknown}
 j - a potion of heal wounds {unknown}
 l - a potion of lignification {unknown}


   Skills:
 + Level 4.7 Fighting
 + Level 1.3 Short Blades
 + Level 1.3 Long Blades
 + Level 1.3 Axes
 + Level 1.3 Maces & Flails
 + Level 6.6 Polearms
 + Level 1.3 Staves
 + Level 1.3 Ranged Weapons
 + Level 1.3 Throwing
 + Level 1.3 Armour
 + Level 4.7 Dodging
 + Level 1.3 Stealth
 + Level 1.3 Shields
 + Level 1.3 Unarmed Combat
 + Level 5.1 Spellcasting
 + Level 5.5 Conjurations
 + Level 1.0 Hexes
 + Level 1.0 Summonings
 + Level 1.0 Necromancy
 + Level 1.0 Translocations
 + Level 1.0 Fire Magic
 + Level 1.0 Ice Magic
 + Level 1.0 Air Magic
 + Level 1.0 Earth Magic
 + Level 1.0 Alchemy
 + Level 1.4 Invocations
 + Level 1.3 Evocations
 + Level 1.2 Shapeshifting


You had 12 spell levels left.
You knew the following spells:

 Your Spells              Type           Power      Damage    Failure   Level
a - Kiss of Death         Conj/Necr      44%        2d8       6%          1

Your spell library contained the following spells:

 Spells                   Type           Power      Damage    Failure   Level
 Momentum Strike          Conj/Tloc      22%        3d8       10%         2
 Summon Small Mammal      Summ           20%        N/A       16%         1
 Hailstorm                Conj/Ice       11%        3d6       19%         3
 Call Canine Familiar     Summ           5%         N/A       43%         3
 Summon Blazeheart Golem  Fire/Summ      5%         N/A       85%         4


Dungeon Overview and Level Annotations

Branches:
Dungeon (3/15)

Altars:
Uskayaw


Innate Abilities, Weirdness & Mutations

You have very sharp teeth.
Your uncanny sense of smell can sniff out nearby items.
Your experience applies equally to all skills.


Message History

You open the door.
There is an open door here.
A rat comes into view.
The rat squeaks loudly.
A jelly comes into view.
Found 13 gold pieces.
The jelly quivers.
The rat closely misses you.
You barely miss the rat. Your bite misses the rat.
The rat completely misses you.
You closely miss the rat. The rat bites you. The rat attacks as it pursues you!
The rat barely misses you.
There is a stone staircase leading up here.
The rat barely misses you.
You climb upwards.
There is a stone staircase leading down here.
You completely miss the rat. Your bite misses the rat. The rat bites you.
You barely miss the rat. Your bite misses the rat. The rat barely misses you.
You hit the rat but do no damage. You hit the rat but do no damage.
The rat completely misses you.
You hit the rat.
You kill the rat!
There is a stone staircase leading down here.
HP restored.
You climb downwards.
The jelly hits you.
You are splashed with acid!
There is a stone staircase leading up here.
You hit the jelly. The acid corrodes you!
Your hands burn!
You bite the jelly, but do no damage.
The jelly is moderately wounded.
The jelly hits you. The acid corrodes you!
You are splashed with acid!
The jelly hits you.
* * * LOW HITPOINT WARNING * * *
You are splashed with acid!
* * * LOW HITPOINT WARNING * * *
You climb upwards.
There is a stone staircase leading down here.
The jelly hits you.
* * * LOW HITPOINT WARNING * * *
You are splashed with acid!
You die...

#....########.#
#....########.#
###'#......##.# ######
#.#.####.##.# #....#
#.#....#.##.# ###....###
#.#<...#.##.# #........#
#.######.##.# #........#
#.....(..##.# #........#
###########@######........#
#>J.............#
###.####........# #..#
#....†...##
##.###..........
#...#........#.
###.#........##
#............ #############


You could see a jelly.

Vanquished Creatures
  Jessica (D:3)
  2 adders
  A dart slug (D:2)
  An orc (D:3)
  4 endoplasms
  3 giant cockroaches (D:1)
  7 goblins
  5 hobgoblins
  7 kobolds
  5 quokkas
  7 ball pythons
  4 bats
  4 frilled lizards
  4 rats
55 creatures vanquished.

Notes
Turn   | Place    | Note
-------+----------+-------------------------------------------
     0 | D:1      | whatisthis the Gnoll Reaver began the quest for the Orb.
     0 | D:1      | Reached XP level 1. HP: 20/20 MP: 6/6
   232 | D:1      | Reached XP level 2. HP: 20/26 MP: 7/7
   348 | D:1      | Found a faded altar of an unknown god.
   491 | D:1      | Reached skill level 5 in Spellcasting
   491 | D:1      | Reached XP level 3. HP: 31/31 MP: 7/9
   981 | D:1      | Reached skill level 1 in Invocations
  1484 | D:2      | Reached skill level 1 in Short Blades
  1484 | D:2      | Reached skill level 1 in Long Blades
  1484 | D:2      | Reached skill level 1 in Axes
  1484 | D:2      | Reached skill level 1 in Maces & Flails
  1484 | D:2      | Reached skill level 1 in Staves
  1484 | D:2      | Reached skill level 1 in Ranged Weapons
  1484 | D:2      | Reached skill level 1 in Throwing
  1484 | D:2      | Reached skill level 1 in Armour
  1484 | D:2      | Reached skill level 1 in Stealth
  1484 | D:2      | Reached skill level 1 in Shields
  1484 | D:2      | Reached skill level 1 in Unarmed Combat
  1484 | D:2      | Reached skill level 1 in Evocations
  1543 | D:2      | Reached skill level 1 in Shapeshifting
  1543 | D:2      | Reached XP level 4. HP: 38/38 MP: 11/11
  1762 | D:3      | Noticed Jessica
  1846 | D:3      | Killed Jessica
  1847 | D:3      | Reached skill level 1 in Hexes
  1847 | D:3      | Reached skill level 1 in Summonings
  1847 | D:3      | Reached skill level 1 in Necromancy
  1847 | D:3      | Reached skill level 1 in Translocations
  1847 | D:3      | Reached skill level 1 in Fire Magic
  1847 | D:3      | Reached skill level 1 in Ice Magic
  1847 | D:3      | Reached skill level 1 in Air Magic
  1847 | D:3      | Reached skill level 1 in Earth Magic
  1847 | D:3      | Reached skill level 1 in Alchemy
  2071 | D:3      | Found a hide-covered altar of Uskayaw.
  2119 | D:2      | Splashed by a jelly's acid

Illustrated notes

Levels and vault maps discovered:
D:1:      sevenhm_arrival_forest_fort_small_6, layout_loops_corners,
          basic_ecumenical_altar
D:2:      layout_basic
D:3:      layout_loops_ring, regret_index_xom_buried_treasure,
          mainiacjoe_overflow_six_doors_small, patterned_corridor, uniq_sigmund,
          uniq_jessica, uniq_terence

Skill      XL: |  1  2  3  4 |
---------------+-------------+-----
Spellcasting   | 5 |  5.1
Invocations    | 1 |  1.4
Short Blades   | 1 |  1.3
Long Blades    | 1 |  1.3
Axes           | 1 |  1.3
Maces & Flails | 1 |  1.3
Staves         | 1 |  1.3
Ranged Weapons | 1 |  1.3
Throwing       | 1 |  1.3
Armour         | 1 |  1.3
Stealth        | 1 |  1.3
Shields        | 1 |  1.3
Unarmed Combat | 1 |  1.3
Evocations     | 1 |  1.3
Shapeshifting  | 1 |  1.2
Hexes          | 1 |  1.0
Summonings     | 1 |  1.0
Necromancy     | 1 |  1.0
Translocations | 1 |  1.0
Fire Magic     | 1 |  1.0
Ice Magic      | 1 |  1.0
Air Magic      | 1 |  1.0
Earth Magic    | 1 |  1.0
Alchemy        | 1 |  1.0
Fighting       | |  4.7
Polearms       | |  6.6
Dodging        | |  4.7
Conjurations   | |  5.5

Action                     |  1- 3 |  4- 6 || total
---------------------------+-------+-------++-------
  Melee: Spear             |   157 |    45 ||   202
         Bite              |    10 |     3 ||    13
         Punch             |       |     1 ||     1
   Stab: Sleeping          |       |     1 ||     1
 Armour: Leather armour    |    55 |    15 ||    70
  Dodge: Dodged            |    62 |    18 ||    80

Table legend: (Time is in decaauts)
 A = Elapsed time spent in this place.
 B = Non-inter-level travel time spent in this place.
 C = Inter-level travel time spent in this place.
 D = Time resting spent in this place.
 E = Time spent auto-exploring this place.
 F = Levels seen in this place.
 G = Mean time per level.
                   A        B        C        D        E       F      G
               +--------+--------+--------+--------+--------+-----+--------+
         Total |   2074 |   1900 |    174 |    112 |   1254 |   3 |  691.3 |
       Dungeon |   2074 |   1900 |    174 |    112 |   1254 |   3 |  691.3 |
               +--------+--------+--------+--------+--------+-----+--------+

Top non-repeatable levels by time:
     D:1: 1164 daAuts
     D:2: 607 daAuts
     D:3: 303 daAuts
